 Dungeon Crawl Stone Soup version 0.28.0-1-gb440e238dd (webtiles) character file.

Game seed: 6185989691125170564

1521 DungeonDestroyer the Shield-Bearer (level 8, -2/60 HPs)
             Began as a Gnoll Fighter on Feb 20, 2022.
             Was a Believer of Hepliaklqana.
             Slain by a bullfrog skeleton (4 damage)
             ... on level 5 of the Dungeon on Feb 27, 2022.
             The game lasted 00:08:17 (3491 turns).

DungeonDestroyer the Shield-Bearer (Gnoll Fighter)  Turns: 3491, Time: 00:08:17

Health: -2/60      AC: 16    Str: 15    XL:     8   Next: 84%
Magic:  13/13      EV: 10    Int:  8    God:    Hepliaklqana [**....]
Gold:   309        SH:  7    Dex: 14    Spells: 14/14 levels left

rFire   . . .      SeeInvis .   s - +8 rapier "Toxum" {protect, rPois rC- Stlth+}
rCold   x . .      Faith    .   c - +1 buckler
rNeg    . . .      Spirit   .   b - +0 scale mail
rPois   +          Reflect  .   r - +0 helmet
rElec   .          Harm     .   (no cloak)
rCorr   .          Rampage  .   (no gloves)
Will    .....                   (no boots)
Stlth   ++........              (no amulet)
HPRegen 0.20/turn               (no ring)
MPRegen 0.13/turn               (no ring)

@: under a protective aura
A: reduced essence, fangs 1, strong nose, distributed training
a: Renounce Religion, Recall Ancestor, Ancestor Identity


You were on level 5 of the Dungeon.
You worshipped Hepliaklqana.
Hepliaklqana was pleased with you.
You visited 1 branch of the dungeon, and saw 5 of its levels.

You collected 309 gold pieces.

Inventory:

Hand Weapons
 a - a +1 war axe
 s - the +8 rapier "Toxum" (weapon) {protect, rPois rC- Stlth+}
   (You found it on level 3 of the Dungeon)

   It grants its wielder temporary protection when it strikes (+7 to AC).
   rC:        It makes you vulnerable to cold.
   rPois:     It protects you from poison.
   Stlth:     It makes you more stealthy.
Missiles
 g - 9 javelins (quivered)
 h - 46 stones
 j - 6 poisoned darts
 n - 20 arrows
 q - 2 boomerangs
Armour
 b - a +0 scale mail (worn)
 c - a +1 buckler (worn)
 r - a +0 helmet (worn)
Wands
 e - a wand of mindburst (4)
 k - a wand of flame (6)
Scrolls
 i - a scroll of identify
 l - 3 scrolls of teleportation
 m - a scroll of brand weapon {unknown}
 o - 2 scrolls of enchant armour
 p - a scroll of fog {unknown}
 t - a scroll of summoning
Potions
 d - a potion of might
 u - a potion of berserk rage


   Skills:
 + Level 7.5 Fighting
 + Level 3.6 Short Blades
 + Level 3.6 Long Blades
 + Level 5.9 Axes
 + Level 3.6 Maces & Flails
 + Level 3.6 Polearms
 + Level 3.6 Staves
 + Level 3.6 Slings
 + Level 3.6 Bows
 + Level 3.6 Crossbows
 + Level 3.6 Throwing
 + Level 7.5 Armour
 + Level 3.6 Dodging
 + Level 3.6 Stealth
 + Level 7.5 Shields
 + Level 3.6 Unarmed Combat
 + Level 3.6 Spellcasting
 + Level 3.0 Conjurations
 + Level 3.0 Hexes
 + Level 3.0 Summonings
 + Level 3.0 Necromancy
 + Level 3.0 Translocations
 + Level 3.0 Transmutations
 + Level 3.0 Fire Magic
 + Level 3.0 Ice Magic
 + Level 3.0 Air Magic
 + Level 3.0 Earth Magic
 + Level 3.0 Poison Magic
 + Level 4.0 Invocations
 + Level 3.6 Evocations


You had 14 spell levels left.
You didn't know any spells.
Your spell library contained the following spells:

 Spells                   Type           Power      Damage    Failure   Level
 Beastly Appendage        Tmut           12%        N/A       36%         1
 Slow                     Hex            24%        N/A       36%         1
 Blink                    Tloc           12%        N/A       50%         2
 Wereblood                Tmut           6%         N/A       50%         2
 Confusing Touch          Hex            6%         N/A       73%         3
 Lesser Beckoning         Tloc           6%         N/A       73%         3
 Spider Form              Tmut/Pois      6%         N/A       73%         3
 Vampiric Draining        Necr           6%         2d6       73%         3
 Manifold Assault         Tloc           6%         N/A       100%        5


Dungeon Overview and Level Annotations

Branches:
Dungeon (5/15)             Temple (0/1) D:5

Altars:
Hepliaklqana


Innate Abilities, Weirdness & Mutations

Your life essence is reduced to manifest your ancestor. (-10% HP)
You have very sharp teeth.
Your uncanny sense of smell can sniff out nearby items.
Your experience applies equally to all skills.


Message History

You destroy the centaur zombie!
The bullfrog skeleton hits you but does no damage.
The bullfrog skeleton hits you.
* * * LOW HITPOINT WARNING * * *
The bullfrog skeleton barely misses you.
Your Invocations skill increases to level 4!
Unknown command.
You hit the bullfrog skeleton.
The bullfrog skeleton is almost destroyed.
You block the bullfrog skeleton's attack.
The bullfrog skeleton hits you but does no damage.
Unknown command.
Unknown command.
You puncture the bullfrog skeleton!
You destroy the bullfrog skeleton!
The bullfrog skeleton hits you but does no damage. x2
Your Conjurations skill increases to level 3!
Your Hexes skill increases to level 3!
Your Summonings skill increases to level 3!
Your Necromancy skill increases to level 3!
Your Translocations skill increases to level 3!
Your Transmutations skill increases to level 3!
Your Fire Magic skill increases to level 3!
Your Ice Magic skill increases to level 3!
Your Air Magic skill increases to level 3!
Your Earth Magic skill increases to level 3!
Your Poison Magic skill increases to level 3!
Unknown command.
Unknown command.
Unknown command.
Unknown command.
You puncture the bullfrog skeleton!
The bullfrog skeleton is heavily damaged.
The bullfrog skeleton barely misses you.
Unknown command.
Unknown command.
You hit the bullfrog skeleton.
The bullfrog skeleton is heavily damaged.
The bullfrog skeleton hits you.
You die...

∆ ∆#....##...........
#.....##.....#.... ∆
∆##....###.......## ∆
#....# ###....... ###..#
#........ ###+########.#
#........ ........†....#
..........
........)....#........#..
........@Z...#........#..
######
.########'####........#..
.....## #...# ......##..
......## #.....#
......... .......#
#.......###...####..
.......# .#.......##....#
#.. .......#
.#.......#..#..# #..
.......# .##.....##.....#
#.. .......#
.###...###.....# #..


You could see a bullfrog skeleton.

Vanquished Creatures
  Sigmund (D:5)
  A wyvern (D:4)
  An orc warrior (D:5)
  A black bear (D:5)
  2 ogres (D:5)
  A phantom (D:5)
  3 scorpions (D:5)
  A centaur zombie (D:5)
  A hound (D:5)
  3 orc priests
  A bullfrog skeleton (D:5)
  An iguana (D:5)
  Ijyb (D:3)
  5 adders
  An ufetubus (D:4)
  3 dart slugs
  2 worms
  14 orcs
  A bat (D:3)
  6 endoplasms
  3 giant cockroaches
  3 goblins
  6 hobgoblins
  10 jackals
  6 ball pythons
  4 frilled lizards
  A kobold (D:1)
  A rat (D:1)
84 creatures vanquished.

Vanquished Creatures (collateral kills)
  A black bear (D:5)
  A phantom (D:5)
  An orc priest (D:5)
  An orc wizard (D:5)
  A hound skeleton (D:4)
  An adder (D:3)
  A worm (D:3)
  2 orcs
  An endoplasm (D:3)
  A goblin (D:4)
11 creatures vanquished.

Vanquished Creatures (others)
  An ancestor (D:5)
1 creature vanquished.

Grand Total: 96 creatures vanquished

Notes
Turn   | Place    | Note
-------+----------+-------------------------------------------
     0 | D:1      | DungeonDestroyer the Gnoll Fighter began the quest for the
                  | Orb.
     0 | D:1      | Reached XP level 1. HP: 23/23 MP: 1/1
    98 | D:1      | Reached XP level 2. HP: 25/29 MP: 2/2
   838 | D:2      | Reached XP level 3. HP: 23/35 MP: 3/3
  1179 | D:2      | You fall into a shaft and drop 2 floors!
  1191 | D:4      | Reached skill level 1 in Invocations
  1203 | D:4      | Reached skill level 1 in Short Blades
  1203 | D:4      | Reached skill level 1 in Long Blades
  1203 | D:4      | Reached skill level 1 in Maces & Flails
  1203 | D:4      | Reached skill level 1 in Polearms
  1203 | D:4      | Reached skill level 1 in Staves
  1203 | D:4      | Reached skill level 1 in Slings
  1203 | D:4      | Reached skill level 1 in Bows
  1203 | D:4      | Reached skill level 1 in Crossbows
  1203 | D:4      | Reached skill level 1 in Throwing
  1203 | D:4      | Reached skill level 1 in Dodging
  1203 | D:4      | Reached skill level 1 in Stealth
  1203 | D:4      | Reached skill level 1 in Unarmed Combat
  1203 | D:4      | Reached skill level 1 in Spellcasting
  1203 | D:4      | Reached skill level 1 in Evocations
  1219 | D:4      | Reached XP level 4. HP: 28/41 MP: 5/5
  1265 | D:3      | Found a faded altar of an unknown god.
  1285 | D:3      | Prayed at the altar of an unknown god.
  1285 | D:3      | Became a worshipper of Hepliaklqana the Forgotten
  1285 | D:3      | Reached * piety under Hepliaklqana
  1491 | D:3      | Noticed Ijyb
  1499 | D:3      | Killed Ijyb
  1500 | D:3      | Reached skill level 1 in Conjurations
  1500 | D:3      | Reached skill level 1 in Hexes
  1500 | D:3      | Reached skill level 1 in Summonings
  1500 | D:3      | Reached skill level 1 in Necromancy
  1500 | D:3      | Reached skill level 1 in Translocations
  1500 | D:3      | Reached skill level 1 in Transmutations
  1500 | D:3      | Reached skill level 1 in Fire Magic
  1500 | D:3      | Reached skill level 1 in Ice Magic
  1500 | D:3      | Reached skill level 1 in Air Magic
  1500 | D:3      | Reached skill level 1 in Earth Magic
  1500 | D:3      | Reached skill level 1 in Poison Magic
  1648 | D:3      | Reached XP level 5. HP: 32/42 MP: 5/7
  2299 | D:3      | Identified the +8 rapier "Toxum" {protect, rPois rC-
                  | Stlth+}
  2434 | D:4      | Noticed a wyvern
  2439 | D:4      | Killed a wyvern
  2440 | D:4      | Reached skill level 5 in Axes
  2440 | D:4      | Reached XP level 6. HP: 41/47 MP: 7/9
  2517 | D:4      | Reached ** piety under Hepliaklqana
  2879 | D:5      | Entered Level 5 of the Dungeon
  2906 | D:5      | Reached XP level 7. HP: 53/53 MP: 10/10
  3160 | D:5      | Reached XP level 8. HP: 36/60 MP: 12/12
  3296 | D:5      | Found a staircase to the Ecumenical Temple.
  3441 | D:5      | Noticed Sigmund
  3447 | D:5      | Remembered your ancestor Djefatnebti as a hexer
  3482 | D:5      | Killed Sigmund
  3486 | D:5      | HP: 3/60 [bullfrog skeleton (3)]
  3487 | D:5      | HP: 1/60 [bullfrog skeleton (2)]
  3491 | D:5      | Slain by a bullfrog skeleton

Illustrated notes

Levels and vault maps discovered:
D:1:      lightli_arrival_farm, layout_basic
D:2:      layout_basic, basic_altar, minmay_misc_feat_plants, hex_medium,
          item_on_display_a
D:3:      layout_loops_cross, hellmonk_ecumenical_altar_pennies_from_heaven,
          minmay_misc_feat_doors, minmay_misc_feat_encased, due_unseen_surprise,
          uniq_ijyb
D:4:      layout_cave_pools
D:5:      minmay_opposing_rooms, layout_rooms, minmay_temple_entry_proselytizer,
          uniq_sigmund

Skill      XL: |  1  2  3  4  5  6  7  8 |
---------------+-------------------------+-----
Invocations    | 1 2 3 4 |  4.0
Short Blades   | 1 2 3 |  3.6
Long Blades    | 1 2 3 |  3.6
Maces & Flails | 1 2 3 |  3.6
Polearms       | 1 2 3 |  3.6
Staves         | 1 2 3 |  3.6
Slings         | 1 2 3 |  3.6
Bows           | 1 2 3 |  3.6
Crossbows      | 1 2 3 |  3.6
Throwing       | 1 2 3 |  3.6
Dodging        | 1 2 3 |  3.6
Stealth        | 1 2 3 |  3.6
Unarmed Combat | 1 2 3 |  3.6
Spellcasting   | 1 2 3 |  3.6
Evocations     | 1 2 3 |  3.6
Conjurations   | 1 2 3 |  3.0
Hexes          | 1 2 3 |  3.0
Summonings     | 1 2 3 |  3.0
Necromancy     | 1 2 3 |  3.0
Translocations | 1 2 3 |  3.0
Transmutations | 1 2 3 |  3.0
Fire Magic     | 1 2 3 |  3.0
Ice Magic      | 1 2 3 |  3.0
Air Magic      | 1 2 3 |  3.0
Earth Magic    | 1 2 3 |  3.0
Poison Magic   | 1 2 3 |  3.0
Axes           | 5 |  5.9
Fighting       | 7 |  7.5
Armour         | 7 |  7.5
Shields        | 7 |  7.5

Action                   |  1- 3 |  4- 6 |  7- 9 || total
-------------------------+-------+-------+-------++-------
Melee: War axe           |    96 |    54 |       ||   150
       Bite              |     9 |     9 |     7 ||    25
       Rapier            |       |    22 |    76 ||    98
Invok: Ancestor Life: He |       |       |     1 ||     1
  Use: Scroll            |     3 |     6 |     1 ||    10
       Potion            |     1 |     3 |     1 ||     5
 Stab: Sleeping          |       |     3 |     1 ||     4
Armor: Scale mail        |    44 |    28 |    73 ||   145
Dodge: Dodged            |    46 |    26 |    46 ||   118
Block: Buckler           |    28 |    32 |    38 ||    98
